 Dungeon Crawl Stone Soup version 0.28.0-53-g5a82cb258f (webtiles) character file.

Game seed: 8394143191761032024

154 ILmort the Chopper (level 5, -6/48 HPs)
             Began as a Hill Orc Monk on Aug 20, 2022.
             Mangled by an iguana (7 damage)
             ... on level 3 of the Dungeon.
             The game lasted 00:07:37 (3266 turns).

ILmort the Chopper (Hill Orc Monk)                  Turns: 3266, Time: 00:07:38

Health: -6/48      AC:  4    Str: 16    XL:     5   Next: 36%
Magic:  5/5        EV: 12    Int: 10    God:
Gold:   167        SH:  0    Dex: 13    Spells: 4/4 levels left

rFire   . . .      SeeInvis .   a - +0 hand axe
rCold   . . .      Faith    .   (no shield)
rNeg    . . .      Spirit   .   g - +0 leather armour
rPois   .          Reflect  .   (no helmet)
rElec   .          Harm     .   f - scarf {+Inv}
rCorr   .          Rampage  .   (no gloves)
Will    .....                   d - +0 pair of boots
Stlth   ++........              (no amulet)
HPRegen 0.16/turn               (no ring)
MPRegen 0.09/turn               (no ring)

@: brilliant, attractive
A: no striking features
a: Evoke Invisibility


You were on level 3 of the Dungeon.
You visited 1 branch of the dungeon, and saw 3 of its levels.

You collected 167 gold pieces.

Inventory:

Hand Weapons
 a - a +0 hand axe (weapon)
Armour
 b - a +0 robe
 d - a +0 pair of boots (worn)
 f - a scarf of invisibility (worn)
 g - a +0 leather armour (worn)
Wands
 m - a wand of flame (6)
Scrolls
 c - 2 scrolls of brand weapon {unknown}
 e - 3 scrolls of identify {unknown}
 i - 2 scrolls of noise {unknown}
 j - a scroll of enchant weapon {unknown}
 k - a scroll of blinking {unknown}
 n - 2 scrolls of teleportation {unknown}
Potions
 h - a potion of magic
 q - a potion of heal wounds {unknown}
 r - a potion of curing {unknown}


   Skills:
 + Level 5.0 Fighting
 * Level 6.8 Axes
 - Level 2.4 Dodging
 - Level 1.5 Stealth


You had 4 spell levels left.
You didn't know any spells.
Your spell library contained the following spells:

 Spells                   Type           Power      Damage    Failure   Level
 Animate Skeleton         Necr           0%         N/A       43%         1
 Apportation              Tloc           0%         N/A       43%         1
 Magic Dart               Conj           0%         1d3       43%         1
 Summon Small Mammal      Summ           0%         N/A       43%         1
 Blink                    Tloc           0%         N/A       56%         2
 Call Imp                 Summ           0%         N/A       56%         2
 Mephitic Cloud           Conj/Pois/Air  0%         N/A       80%         3
 Manifold Assault         Tloc           0%         N/A       100%        5
 Storm Form               Tmut/Air       0%         N/A       100%        7


Dungeon Overview and Level Annotations

Branches:
Dungeon (3/15)

Altars:
Vehumet


Message History

You see here a jackal corpse.
You start resting.
Found a runed dagger.
Found a leather armour.
You now have 167 gold pieces (gained 9).
You see here a jackal corpse.
You see here a +0 dagger.
There is an escape hatch in the ceiling here.
There is a stone staircase leading up here.
There is a stone staircase leading up here.
An iguana comes into view.
The iguana hisses angrily.
You hit the iguana. The iguana closely misses you.
You barely miss the iguana. The iguana closely misses you.
You closely miss the iguana. The iguana closely misses you.
You closely miss the iguana. The iguana bites you.
You barely miss the iguana. The iguana misses you.
You closely miss the iguana. The iguana misses you.
You barely miss the iguana. The iguana bites you!
You hit the iguana. The iguana bites you!
You hit the iguana. The iguana bites you!
* * * LOW HITPOINT WARNING * * *
You hit the iguana. The iguana bites you.
* * * LOW HITPOINT WARNING * * *
You hit the iguana but do no damage. You hit the iguana but do no damage.
The iguana bites you but does no damage.
An iguana is nearby!
It was a potion of magic.
Magic courses through your body. The iguana bites you.
* * * LOW HITPOINT WARNING * * *
It was a potion of cancellation.
You feel magically purged. The iguana closely misses you.
It was a potion of brilliance.
You feel clever all of a sudden. The iguana misses you.
It was a potion of attraction.
You feel attractive to monsters. The iguana bites you!
You die...

≈≈############ ##..###....#
######≈≈≈≈≈≈.# ##.###.#### #
≈≈≈≈≈≈≈≈≈###.# #.##..# ##.
##########...# ###.##.## #..
..###......#### #...<..# #.#
...#.........###<#..### #.#
#..#.######.....##.# #.# #.#.#
##...###.# ##.#
#...#######@#..##.### #...
########.......l.##..#...# #.##
#.....##.######..###...#.# #.#
#.###....###......####...#####.#
#.# ####..<..####.######.......#
#.# #.#..#####.....##...##..##
#.# #........###...####.##....
#.######..............# #..#.###
...>..............#########.#.###


You could see an iguana.

Vanquished Creatures
  Jessica (D:3)
  5 adders
  4 worms
  2 dart slugs
  An orc (D:3)
  5 ball pythons
  5 bats
  4 endoplasms
  2 giant cockroaches (D:2)
  5 goblins
  9 hobgoblins
  3 jackals (D:3)
  4 kobolds
  A quokka (D:3)
  3 frilled lizards
  13 rats
  A spectral goblin (D:2)
68 creatures vanquished.

Notes
Turn   | Place    | Note
-------+----------+-------------------------------------------
     0 | D:1      | ILmort the Hill Orc Monk began the quest for the Orb.
     0 | D:1      | Reached XP level 1. HP: 19/19 MP: 1/1
   174 | D:1      | Reached XP level 2. HP: 25/27 MP: 2/2
   572 | D:1      | Reached skill level 5 in Axes
   908 | D:1      | Reached XP level 3. HP: 29/33 MP: 3/3
  1425 | D:2      | Reached XP level 4. HP: 21/41 MP: 4/4
  1721 | D:2      | Reached skill level 6 in Axes
  2238 | D:2      | Found a faded altar of an unknown god.
  2704 | D:3      | Noticed Jessica
  2721 | D:3      | Killed Jessica
  2722 | D:3      | Reached XP level 5. HP: 38/47 MP: 5/5
  2978 | D:3      | Reached skill level 5 in Fighting
  2995 | D:3      | Found a faded altar of an unknown god.
  3001 | D:3      | Found a radiant altar of Vehumet.
  3263 | D:3      | HP: 1/48 [iguana (6)]
  3266 | D:3      | Mangled by an iguana

Illustrated notes

Levels and vault maps discovered:
D:1:      dpeg_arrival_boxorama, layout_loops_corners, minmay_tromino_v4_b
D:2:      layout_rooms, dreamdust_ecumenical_altar_drowned_temple,
          dk_noncrumbling_2, minmay_puff
D:3:      layout_rooms, nicolae_overflow_ecumenical_swirl,
          chequers_serial_rivers_large_b, kennysheep_jessica_study

Skill      XL: |  1  2  3  4  5 |
---------------+----------------+-----
Fighting       | 4 5 |  5.0
Axes           | 5 6 |  6.8
Dodging        | |  2.4
Stealth        | |  1.5

Action                   |  1- 3 |  4- 6 || total
-------------------------+-------+-------++-------
Melee: Hand axe          |   123 |   133 ||   256
       Punch             |     1 |     1 ||     2
  Use: Potion            |       |     4 ||     4
 Stab: Sleeping          |     1 |     1 ||     2
Armor: Robe              |    18 |       ||    18
       Leather armour    |     9 |    31 ||    40
Dodge: Dodged            |    63 |    90 ||   153
